 Dungeon Crawl Stone Soup version 0.18-a0-19-g8b99b3a (webtiles) character file.

4036 st0uf the Skirmisher (level 10, 0/94 HPs)
             Began as a Naga Enchanter on Nov 1, 2015.
             Slain by a wraith (5 damage)
             ... on level 8 of the Dungeon.
             The game lasted 01:28:52 (9444 turns).

st0uf the Skirmisher (Naga Enchanter)               Turns: 9444, Time: 01:28:52

Health: 0/94       AC:  6    Str: 12    XL:     10   Next: 24%
Magic:  19/20      EV: 13    Int: 17    God:
Gold:   623        SH:  0    Dex: 14    Spells: 2 memorised, 18 levels left

rFire  . . .     SeeInvis +     i - +1 trident of Beugiuri {pierce, MR+ Str+2 Stlth+} (curse)
rCold  . . .     Clarity  +     b - +2 robe
rNeg   . . .     SustAt   .     (no shield)
rPois  +         Gourm    .     (no helmet)
rElec  .         Spirit   .     (no cloak)
rCorr  .         Warding  .     (no gloves)
rMut   .         Stasis   .     (no barding)
MR     ++...                    x - amulet of clarity
Stlth  ++++......               (no ring)
                                (no ring)

@: slowed, very slow, very resistant to hostile enchantments, stealthy
A: see invisible, deformed body, poison resistance, slowness 2, slow metabolism
1, spit poison 2, AC +3
a: Spit Poison


You were on level 8 of the Dungeon.
You were not hungry.

You visited 2 branches of the dungeon, and saw 9 of its levels.

You collected 623 gold pieces.

Inventory:

Hand Weapons
 a - a +2 dagger
 i - the cursed +1 trident of Beugiuri (weapon) {pierce, MR+ Str+2 Stlth+}
   (You found it on level 4 of the Dungeon)

   It inflicts extra damage upon your enemies.
   It affects your strength (+2).
   It affects your resistance to hostile enchantments.
   It makes you more stealthy.
   It has a curse placed upon it.
Missiles
 q - 7 curare-tipped needles
 G - 48 arrows
 M - a throwing net (quivered)
Armour
 b - a +2 robe (worn)
 u - a +0 buckler
Jewellery
 w - an uncursed amulet of rage
 x - an amulet of clarity (around neck)
 I - an uncursed amulet of stasis {unknown}
Wands
 e - a wand of slowing (29)
 k - a wand of fireball (9)
 y - a wand of fire (7)
Scrolls
 f - a scroll of recharging
 g - 4 scrolls of amnesia
 h - 2 scrolls of enchant armour
 j - 2 scrolls of teleportation
 m - 6 scrolls of identify
 B - a scroll of immolation {unknown}
 E - a scroll of remove curse
 H - a scroll of fear {unknown}
Potions
 l - 3 potions of cancellation {unknown}
 p - 2 potions of agility {unknown}
 s - a potion of cure mutation {unknown}
 t - 4 potions of curing
 v - 2 potions of brilliance {unknown}
 z - 2 potions of haste
 C - a potion of mutation {unknown}
 F - a potion of resistance
 K - a potion of magic {unknown}
Books
 c - a book of Maledictions

   Spells                             Type                      Level
   a - Corona                         Hexes                        1
   b - Ensorcelled Hibernation        Hexes/Ice                    2
   c - Confuse                        Hexes                        3
   d - Tukima's Dance                 Hexes                        3
   e - Dazzling Spray                 Conjuration/Hexes            3
 D - a book of Summonings

   Spells                             Type                      Level
   a - Recall                         Summoning/Translocation      3
   b - Aura of Abjuration             Summoning                    5
   c - Shadow Creatures               Summoning                    5
   d - Summon Demon                   Summoning                    5
   e - Summon Forest                  Summoning/Translocation      5
   f - Summon Mana Viper              Hexes/Summoning              5
Comestibles
 d - 9 bread rations
 n - a fruit
 o - a chunk of flesh
 r - 2 meat rations
 A - 2 slices of pizza
 J - a royal jelly
 L - 6 beef jerkies


   Skills:
 + Level 7.1 Fighting
 - Level 1.0 Short Blades
 + Level 6.1 Dodging
 - Level 4.4 Stealth
 + Level 3.7 Shields
 + Level 6.9 Spellcasting
 - Level 6.4 Hexes


You had 18 spell levels left.
You knew the following spells:

 Your Spells              Type           Power        Failure   Level  Hunger
a - Corona                Hex            ####...      1%          1    None
b - Confuse               Hex            ####....     2%          3    ##.....


Dungeon Overview and Level Annotations

Branches:
Dungeon (8/15)             Temple (1/1) D:4
   Lair: D:8-11

Altars:
Dithmenos
Elyvilon
Fedhas
Gozag
Kikubaaqudgha
Makhleb
Nemelex Xobeh
Okawaru
Qazlal
Ru
Sif Muna
Trog
Vehumet
Xom
Yredelemnul
Zin
The Shining One


Innate Abilities, Weirdness & Mutations

You cannot wear boots.
Your serpentine skin is tough (AC +3).
You have supernaturally acute eyesight.
Armour fits poorly on your strangely shaped body.
Your system is resistant to poisons.
You cover ground very slowly.
You have a slow metabolism.
You can spit poison.


Message History

You hit the wraith.
The wraith is almost destroyed.
The wraith hits you.
* * * LOW HITPOINT WARNING * * *
The wraith drains your vigour!
You feel as though you will be slow longer.
* * * LOW HITPOINT WARNING * * *
The wraith closely misses you.
You hit the wraith but do no damage.
The wraith is almost destroyed.
The wraith hits you but does no damage. The wraith closely misses you.
You hit the wraith but do no damage.
The wraith is almost destroyed.
The wraith hits you.
* * * LOW HITPOINT WARNING * * *
The wraith barely misses you.
You hit the wraith but do no damage.
The wraith is almost destroyed.
The wraith barely misses you. The wraith hits you.
You die...

# #..#########
#....W....##
#.###@###..#
#.##...##..#
#.#.....#..#
#.......#..#
#.#.....#..#
#.##...##..#
#.#######..#####
#..................
#.....##.#######.......


You could see a wraith.

Vanquished Creatures
  Pikel (D:3)
  Grinder (D:4)
  Sigmund (D:6)
  A hippogriff (D:7)
  Duvessa (D:4)
  2 sky beasts (D:6)
  An ice beast (D:8)
  An orc warrior (D:6)
  2 slaves (D:3)
  2 phantoms (D:4)
  4 ogres
  3 centaurs
  Blork the orc (D:4)
  5 giant frogs
  Dowan (D:4)
  2 scorpions
  2 jellies (D:5)
  3 crimson imps
  3 killer bees (D:7)
  A centaur zombie (D:5)
  4 orc priests
  A quasit (D:6)
  2 hounds
  A giant frog skeleton (D:5)
  4 orc wizards
  A gnoll shaman (D:8)
  A hell rat (D:6)
  Natasha (twice) (D:4)
  An iguana (D:6)
  3 worker ants
  A hound zombie (D:5)
  2 hound skeletons
  6 gnolls
  20 adders
  6 river rats (D:6)
  3 shadow imps
  2 oozes
  2 worms
  8 giant geckos
  16 orcs
  2 ball pythons (D:1)
  14 bats
  A bat zombie (D:3)
  7 giant cockroaches
  8 hobgoblins
  11 jackals
  7 quokkas
  8 giant newts
  11 goblins
  9 kobolds
  26 rats
  A rat zombie (D:3)
229 creatures vanquished.

Vanquished Creatures (others)
  An ogre (D:7)
  A killer bee (D:7)
  2 orcs (D:4)
  Natasha (D:4)
5 creatures vanquished.

Grand Total: 234 creatures vanquished

Notes
Turn   | Place    | Note
--------------------------------------------------------------
     0 | D:1      | st0uf the Naga Enchanter began the quest for the Orb.
     0 | D:1      | Reached XP level 1. HP: 15/15 MP: 3/3
   136 | D:1      | Reached XP level 2. HP: 22/22 MP: 3/5
   862 | D:1      | Reached XP level 3. HP: 26/28 MP: 4/6
   867 | D:1      | Learned a level 3 spell: Confuse
  1731 | D:2      | Reached XP level 4. HP: 36/36 MP: 7/7
  1875 | D:2      | Reached skill level 5 in Hexes
  2457 | D:3      | Reached skill level 1 in Fighting
  2457 | D:3      | Reached XP level 5. HP: 42/44 MP: 4/8
  3332 | D:3      | Reached XP level 6. HP: 50/52 MP: 7/9
  3470 | D:3      | Found a sparkling altar of Nemelex Xobeh.
  3552 | D:3      | Found a glowing silver altar of Zin.
  3552 | D:3      | Found a basalt altar of Yredelemnul.
  3576 | D:3      | Found a sacrificial altar of Ru.
  3673 | D:3      | Found an ancient bone altar of Kikubaaqudgha.
  3712 | D:4      | Noticed Natasha
  3721 | D:4      | Killed Natasha
  3737 | D:4      | Found a staircase to the Ecumenical Temple.
  3787 | Temple   | Entered the Ecumenical Temple
  4013 | D:4      | Noticed Grinder
  4033 | D:4      | Noticed Pikel
  4049 | D:4      | Noticed Natasha
  4248 | D:3      | Killed Pikel
  4248 | D:3      | Reached XP level 7. HP: 18/63 MP: 1/13
  4523 | D:4      | Killed Natasha
  4526 | D:4      | Noticed Natasha
  4532 | D:4      | Killed Natasha
  4725 | D:4      | Killed Grinder
  4725 | D:4      | Reached XP level 8. HP: 47/73 MP: 1/14
  5167 | D:4      | Got a transparent trident
  5171 | D:4      | Identified the cursed +1 trident of Beugiuri {pierce, MR+ Str+2 Stlth+} (You found it on level 4 of the Dungeon)
  5196 | D:4      | Noticed Duvessa
  5198 | D:4      | Noticed Dowan
  5211 | D:4      | Noticed Blork the orc
  5373 | D:4      | Killed Duvessa
  5373 | D:4      | Reached skill level 5 in Fighting
  5373 | D:4      | Reached skill level 5 in Spellcasting
  5373 | D:4      | Reached skill level 6 in Hexes
  5378 | D:4      | Killed Dowan
  5575 | D:4      | Killed Blork the orc
  5821 | D:5      | Entered Level 5 of the Dungeon
  5845 | D:5      | Reached XP level 9. HP: 74/81 MP: 10/16
  5941 | D:5      | Reached skill level 1 in Shields
  5954 | D:5      | Reached skill level 5 in Dodging
  7000 | D:6      | Found a basalt altar of Yredelemnul.
  7891 | D:6      | Noticed Sigmund
  7908 | D:6      | Killed Sigmund
  8407 | D:7      | Found a white marble altar of Elyvilon.
  8430 | D:7      | Reached XP level 10. HP: 92/92 MP: 19/19
  8742 | D:7      | Reached skill level 7 in Fighting
  9443 | D:8      | HP: 4/94 [wraith (3)]
  9444 | D:8      | Slain by a wraith

Vault maps used:
D:1:      dpeg_arrival_short_road, minmay_shallow_snake_nest
D:3:      lemuel_zombie_altar_kikubaaqudgha, nicolae_ru_path_of_blood,
          gammafunk_temple_overflow_wave, nemelex_diamond_rough_becter
D:4:      minmay_temple_entry_junction2, first_bread, uniq_blork_the_orc,
          uniq_pikel, uniq_natasha, uniq_duvessa, uniq_grinder
D:5:      serial_glass, glass_columns_c, glass_columns_c
D:6:      lemuel_ratsnest, grunt_ministairs_10, yredelemnul_altar_generic,
          uniq_sigmund
D:7:      elyvilon_altar_4, grunt_ogre_cave
D:8:      cheibriados_altar_1, minmay_misc_feat_enclosed, kennysheep_potato
Temple:   circular_temple_12

Action                   |  1- 3 |  4- 6 |  7- 9 | 10-12 || total
-------------------------+-------+-------+-------+-------++-------
Melee: Dagger            |   102 |   189 |    39 |       ||   330
       Trident           |       |       |   352 |   114 ||   466
 Cast: Corona            |    50 |    37 |    17 |     4 ||   108
       Confuse           |     4 |    23 |    62 |    18 ||   107
 Abil: Spit Poison       |    31 |    55 |    47 |    11 ||   144
  Use: Scroll            |       |    11 |     2 |       ||    13
       Potion            |       |     2 |     1 |       ||     3
 Stab: Confused          |       |    11 |    25 |    16 ||    52
       Sleeping          |       |     1 |     8 |     3 ||    12
  Eat: Chunk             |     5 |    11 |    20 |     4 ||    40
       Fruit             |       |     1 |       |       ||     1
